 Dungeon Crawl Stone Soup version 0.14-a0-1403-g5d3c58f (webtiles) character file.

163 July the Sneak (level 4, 0/21 HPs)
             Began as a Spriggan Enchanter on Dec 10, 2013.
             Succumbed to a kobold's curare-tipped needle
             ... on Level 3 of the Dungeon.
             The game lasted 00:07:00 (2714 turns).

July the Sneak (Spriggan Enchanter)                 Turns: 2714, Time: 00:07:00

HP   0/21        AC  3     Str  5      XL: 4   Next: 14%
MP  12/12        EV 18     Int 16      God:
Gold 86          SH  0     Dex 16      Spells:  1 memorised,  7 levels left

rFire  . . .     SeeInvis +     w - +1 orc dagger
rCold  . . .     Clarity  .     b - +1 robe
rNeg   . . .     Conserve .     (shield restricted)
rPois  .         rCorr    .     (helmet restricted)
rElec  .         rRot     .     (no cloak)
SustAb . .       Spirit   .     (gloves unavailable)
rMut   .         Warding  .     (boots unavailable)
Saprov . . .     Stasis   .     (no amulet)
                                (no ring)
                                (no ring)

@: mildly poisoned, slowed, quick, slightly resistant to hostile enchantments,
very stealthy
A: unfitting armour, see invisible, herbivore 3, speed 3, slow metabolism 2
a: no special abilities


You were on level 3 of the Dungeon.
You were not hungry.

You visited 1 branch of the dungeon, and saw 3 of its levels.

You collected 86 gold pieces.

Inventory:

Hand weapons
 f - a +0,+0 dagger
 g - a +0,+0 short sword
 j - a +0,+2 dwarven dagger
 l - a +0,+0 orcish dagger
 m - a +0,+2 dagger
 w - a +1,+1 orcish dagger (weapon)
 y - a +2,+2 short sword
 z - a +0,+0 dagger
Missiles
 d - 30 darts (quivered)
 h - 3 steel darts
 s - 8 poisoned darts
Armour
 b - a +1 robe (worn)
 q - a +0 buckler
Comestibles
 k - 16 sultanas
Scrolls
 n - 4 scrolls of remove curse {unknown}
 o - a scroll of magic mapping {unknown}
 p - a scroll of teleportation {unknown}
 u - a scroll of blinking {unknown}
 v - a scroll of enchant weapon I {unknown}
 A - 2 scrolls of identify {unknown}
 D - a scroll of curse jewellery {unknown}
Potions
 a - a potion of speed {unknown}
 e - a potion of porridge
 i - 2 potions of confusion {unknown}
 r - a potion of degeneration {unknown}
 t - a potion of flight {unknown}
 x - a potion of agility {unknown}
 B - 4 potions of curing {unknown}
 C - a potion of heal wounds {unknown}
Books
 c - a book of Maledictions

   Spells                             Type                      Level
   *Corona                            Hexes                        1
   Sure Blade                         Hexes/Charms                 2
   Ensorcelled Hibernation            Hexes/Ice                    2
   Confuse                            Hexes                        3
   Enslavement                        Hexes                        4
   Invisibility                       Hexes                        6


   Skills:
 - Level 1.1 Short Blades
 - Level 1.1 Throwing
 - Level 3.0 Dodging
 - Level 7.0 Stealth
 * Level 2.6 Spellcasting
 - Level 3.6 Hexes


You had 7 spell levels left.
You knew the following spells:

 Your Spells              Type           Power        Failure   Level  Hunger
a - Corona                Hex            ##.....      6%          1    #......


Dungeon Overview and Level Annotations

Branches:
Dungeon (3/16)

Altars:
Cheibriados
Makhleb
Yredelemnul

Annotations:
D:3 bronies4ever's ghost, average FoFi


Innate Abilities, Weirdness & Mutations

You are tiny and cannot use many weapons and most armour.
You have supernaturally acute eyesight.
You are a herbivore.
You cover ground extremely quickly.
You need consume almost no food.


Message History

You see here a curare-tipped needle.
You feel sick.
You see here a scroll labeled QUEPNU LUUNU.
D - a scroll labeled QUEPNU LUUNU You feel sick.
The kobold shoots a curare-tipped needle.
The curare-tipped needle misses you.
The kobold shoots a curare-tipped needle.
The curare-tipped needle misses you.
You feel sick.
You see here a curare-tipped needle.
You feel sick. The quokka bites you.
* * * LOW HITPOINT WARNING * * *
The kobold unwields an uncursed orcish blowgun.
The kobold wields an uncursed whip.
The kobold closely misses you.
* * * LOW HITPOINT WARNING * * *
You feel sick. The quokka misses you.
You have got your breath back.
You die...

#.# #####.####.#.....#
#.# #.# #.#...#.# ###.#
#.####.#o..#.### #...#
#....#........... #...#
#....###..##.... #...#
#....# #..# . ###.# ####
#.#### #..# #.#
#...#####.######..# #.#
#.......@.........#
#.####..)........####.##
#....####..rK....# #.#
#....# ##....#...# #.#
#....# #.(.##...## #.#
###...## #(..##...# #.#
#.....####..o##...# #.#
#....o#...#.####.... #.#
##....)o...#.# ... .


You could see a quokka and a kobold.

Vanquished Creatures
  A hound (D:2)
  A worm (D:2)
  2 giant geckos (D:2)
  An ooze (D:1)
  2 giant cockroaches (D:1)
  4 hobgoblins
  8 kobolds
  A ball python (D:1)
  3 bats
  5 giant newts
  5 goblins
  4 rats
37 creatures vanquished.

Notes
Turn   | Place    | Note
--------------------------------------------------------------
     0 | D:1      | July, the Spriggan Enchanter, began the quest for the Orb.
     0 | D:1      | Reached XP level 1. HP: 9/9 MP: 4/4
     2 | D:1      | Noticed a merfolk
     2 | D:1      | Noticed a naga
     4 | D:1      | Noticed a felid
     4 | D:1      | Noticed a centaur
     6 | D:1      | Noticed a spriggan
     6 | D:1      | Noticed a demigod
     8 | D:1      | Noticed a ghoul
     8 | D:1      | Noticed an ogre
    10 | D:1      | Noticed a minotaur
    12 | D:1      | Noticed a dwarf
    12 | D:1      | Noticed a tengu
    14 | D:1      | Noticed a demonspawn
    16 | D:1      | Noticed a draconian
    18 | D:1      | Noticed an octopode
    18 | D:1      | Noticed an elf
    20 | D:1      | Noticed a troll
    22 | D:1      | Noticed a vampire
    22 | D:1      | Noticed a human
    86 | D:1      | Reached skill level 4 in Stealth
   262 | D:1      | Reached XP level 2. HP: 13/13 MP: 7/7
   634 | D:1      | Reached skill level 5 in Stealth
  1325 | D:2      | Reached XP level 3. HP: 7/16 MP: 9/9
  1858 | D:2      | Found a burning altar of Makhleb.
  1861 | D:2      | Reached skill level 6 in Stealth
  1861 | D:2      | Reached XP level 4. HP: 21/21 MP: 12/12
  2262 | D:2      | Found a basalt altar of Yredelemnul.
  2262 | D:2      | Found a snail-covered altar of Cheibriados.
  2548 | D:3      | Noticed bronies4ever's ghost (average FoFi)
  2626 | D:3      | Reached skill level 7 in Stealth
  2713 | D:3      | HP: 1/21 [poisoned by a kobold (curare-tipped needle)]
  2714 | D:3      | Succumbed to a kobold's curare-tipped needle

Action                   |  1- 3 |  4- 6 || total
-------------------------+-------+-------++-------
Melee: Dagger            |   122 |    20 ||   142
 Stab: Sleeping          |     5 |     1 ||     6
